 Dungeon Crawl Stone Soup version 0.30.0-5-g1a98f26d00 (webtiles) character file.

Game seed: 15544735812343215991

387 Edyrem the Chopper (level 6, -1/58 HPs)
             Began as a Hill Orc Monk on May 9, 2023.
             Was a Believer of Beogh.
             Slain by Pikel
             ... wielding a +2 whip of flaming
              (5 damage)
             ... on level 4 of the Dungeon.
             The game lasted 00:06:21 (3127 turns).

Edyrem the Chopper (Hill Orc Monk)                  Turns: 3127, Time: 00:06:21

Health: -1/58      AC:  9    Str: 18    XL:     6   Next: 78%
Magic:  6/6        EV:  8    Int: 12    God:    Beogh [**....]
Gold:   254        SH:  0    Dex: 13    Spells: 5/5 levels left

rFire   + . .        a - +7 hand axe of Meitit {flame, rF+ rN+ Str+2 Int+2}
rCold   . . .        d - orb {light}
rNeg    + . .        t - +0 chain mail
rPois   .            (no helmet)
rElec   .            z - +0 cloak
rCorr   .            (no gloves)
SInv    .            (no boots)
Will    .....        (no amulet) Stlth
                     (no ring)
HPRegen 0.29/turn    (no ring)
MPRegen 0.10/turn

%: no passive effects
@: confused, ambrosia-drunk, glowing
A: no striking features
a: Renounce Religion, Smiting


You were on level 4 of the Dungeon.
You worshipped Beogh.
Beogh was pleased with you.
You visited 1 branch of the dungeon, and saw 4 of its levels.

You collected 254 gold pieces.

Inventory:

Hand Weapons
 a - the +7 hand axe of Meitit (weapon) {flame, rF+ rN+ Str+2 Int+2}
   (You found it on level 4 of the Dungeon)

   Str:       It affects your strength (+2).
   Int:       It affects your intelligence (+2).
   rF:        It protects you from fire.
   rN:        It protects you from negative energy.
 b - a +0 morningstar
 B - a +2 war axe of flaming
Missiles
 j - 6 curare-tipped darts
 l - 4 javelins (quivered)
 r - 7 datura-tipped darts
 u - a throwing net
 y - 7 poisoned darts
Armour
 d - an orb of light (worn)
 t - a +0 chain mail (worn)
 z - a +0 cloak (worn)
Wands
 v - a wand of roots (1)
Scrolls
 e - 2 scrolls of teleportation {unknown}
 f - a scroll of poison {unknown}
 h - a scroll of vulnerability {unknown}
 i - 3 scrolls of noise {unknown}
 k - a scroll of fear {unknown}
 n - a scroll of identify {unknown}
 p - a scroll of silence {unknown}
 q - a scroll of magic mapping {unknown}
 x - a scroll of blinking {unknown}
Potions
 g - 2 potions of magic {unknown}
 m - a potion of degeneration {unknown}
 o - 4 potions of curing {unknown}
 s - a potion of resistance {unknown}
 w - 2 potions of cancellation {unknown}
 A - 2 potions of heal wounds {unknown}


   Skills:
 + Level 6.8 Fighting
 + Level 7.4 Axes
 - Level 2.4 Dodging


You had 5 spell levels left.
You didn't know any spells.
Your spell library contained the following spells:

 Spells                   Type           Power      Damage    Failure   Level
 Call Canine Familiar     Summ           0%         N/A       100%        3
 Portal Projectile        Hex/Tloc       0%         N/A       100%        3
 Leda's Liquefaction      Hex/Erth       0%         N/A       100%        4


Dungeon Overview and Level Annotations

Branches:
Dungeon (4/15)
 Temple: D:4-7

Altars:
Hepliaklqana
Okawaru

Annotations:
D:4 Pikel


Message History

You barely miss Pikel. You hit the lemure. You burn the lemure.
You hit the lemure. You burn the lemure. You hit the lemure.
You burn the lemure. You hit the lemure. You burn the lemure.
Pikel hits you with a +2 whip of flaming.
Pikel burns you.
The lemure hits you! x2; The lemure hits you.
The lemure hits you but does no damage.
You hit Pikel. You burn Pikel.
Pikel is lightly wounded.
You hit the lemure. You burn the lemure. You barely miss the lemure.
You hit the lemure. You burn the lemure. You hit the lemure.
You burn the lemure. The lemure hits you.
Pikel hits you with a +2 whip of flaming.
The lemure hits you but does no damage. x2; The lemure hits you.
You barely miss Pikel.
Pikel is lightly wounded.
You slash the lemure! You burn the lemure. You hit the lemure but do no damage.
You hit the lemure. You burn the lemure. You slash the lemure!
You burn the lemure. The lemure hits you.
Pikel hits you with a +2 whip of flaming.
* * * LOW HITPOINT WARNING * * *
Pikel burns you.
* * * LOW HITPOINT WARNING * * *
The lemure hits you but does no damage. The lemure closely misses you.
The lemure hits you but does no damage. The lemure attacks as you move away!
The lemure hits you.
* * * LOW HITPOINT WARNING * * *
The lemure hits you.
* * * LOW HITPOINT WARNING * * *
The lemure hits you but does no damage.
You are confused.
You feel invigorated. The lemure hits you.
* * * LOW HITPOINT WARNING * * *
Pikel hits you with a +2 whip of flaming.
* * * LOW HITPOINT WARNING * * *
The lemure hits you but does no damage.
You miss the lemure.
The lemure is severely wounded.
You hit the lemure but do no damage. You barely miss Pikel.
Pikel hits you with a +2 whip of flaming.
You die...

.............###
.........#.#...##
.###.#...#.#....# .#
#####.......## ..
#.#......# .
###.$.#..### .#
#....##....# ...
#..#..#...## ...
.....#....5@## ...
#...........K5#
...........#....55...#
.#....#....#>........#
..............##......#
.... .........#...#..##
.8~~~~~~~~~8..##.###...
.~~~~~ ~~~~...... ..##
.~~~~≈ ~~~ #.. ##


You could see Pikel and 4 lemures.

Vanquished Creatures
  A black bear (D:4)
  An ogre (D:3)
  A phantom (D:4)
  An iguana (D:4)
  4 adders
  2 dart slugs
  4 orcs (D:4)
  7 endoplasms
  3 giant cockroaches
  6 goblins
  6 hobgoblins
  9 jackals (D:1)
  5 kobolds
  5 quokkas
  4 ball pythons
  2 bats
  3 frilled lizards
  A rat (D:1)
65 creatures vanquished.

Notes
Turn   | Place    | Note
-------+----------+-------------------------------------------
     0 | D:1      | Edyrem the Hill Orc Monk began the quest for the Orb.
     0 | D:1      | Reached XP level 1. HP: 19/19 MP: 1/1
   145 | D:1      | Reached XP level 2. HP: 27/27 MP: 2/2
   419 | D:1      | Reached XP level 3. HP: 30/34 MP: 3/3
  1019 | D:2      | Reached skill level 5 in Axes
  1021 | D:2      | Found a faded altar of an unknown god.
  1087 | D:2      | Reached XP level 4. HP: 31/41 MP: 4/4
  1500 | D:2      | Reached skill level 5 in Fighting
  1643 | D:2      | Became a worshipper of Beogh the Brigand
  1643 | D:2      | Reached * piety under Beogh
  1643 | D:2      | Reached ** piety under Beogh
  1983 | D:3      | Found a hazy altar of Hepliaklqana.
  2189 | D:3      | Noticed an ogre
  2195 | D:3      | Killed an ogre
  2196 | D:3      | Reached skill level 6 in Axes
  2196 | D:3      | Reached XP level 5. HP: 14/50 MP: 5/5
  2832 | D:4      | Noticed a phantom
  2841 | D:4      | Killed a phantom
  2842 | D:4      | Reached XP level 6. HP: 57/57 MP: 6/6
  2899 | D:4      | Found an iron altar of Okawaru.
  2907 | D:4      | Identified the +7 hand axe of Meitit {flame, rF+ rN+ Str+2
                  | Int+2}
  2911 | D:4      | Noticed a black bear
  2917 | D:4      | Killed a black bear
  2918 | D:4      | Reached skill level 7 in Axes
  3117 | D:4      | Noticed Pikel
  3126 | D:4      | HP: 1/58 [Pikel/+2 whip of flaming (2)]
  3127 | D:4      | Slain by Pikel

Illustrated notes

Levels and vault maps discovered:
D:1:      psy_arrival_wood_between_worlds, layout_loops_ring
D:2:      minmay_general_purpose_star, layout_loops_ring,
          basic_ecumenical_altar, minmay_hedge_maze
D:3:      layout_loops_ring, mainiacjoe_overflow_catwalk
D:4:      layout_cave_pools, okawaru_ov_weapons_minmay, serial_park,
          serial_park_tiny_pond, serial_park_square1
          [serial_park_minivault_5x5_5], serial_park_fountain,
          serial_park_tiny_2, serial_park_tiny_1, uniq_pikel

Skill      XL: |  1  2  3  4  5  6 |
---------------+-------------------+-----
Fighting       | 4 5 6 |  6.8
Axes           | 5 6 7 |  7.4
Dodging        | |  2.4

Action                     |  1- 3 |  4- 6 || total
---------------------------+-------+-------++-------
  Melee: Hand axe          |    85 |    17 ||   102
         War axe           |       |    81 ||    81
 Invoke: Convert to Beogh  |       |     1 ||     1
    Use: Potion            |       |     1 ||     1
 Armour: Robe              |     9 |       ||     9
         Ring mail         |    10 |       ||    10
         Chain mail        |       |    29 ||    29
  Dodge: Dodged            |    48 |    23 ||    71
